[Event "Frauenbundesliga 2024-25"]
[Site "Germany"]
[Date "2024.11.16"]
[Round "1.1"]
[White "Reizniece-Ozola, Dana"]
[Black "Javakhishvili, Lela"]
[Result "0-1"]
[Annotator "RC"]
[ECO "A30"]
[WhiteElo "2255"]
[BlackElo "2422"]
[PlyCount "114"]
[EventDate "2024.11.06"]
[EventType "team-tourn"]
[EventCountry "GER"]
[SourceTitle "playchess.com"]
[Source "ChessBase"]
[SourceQuality "1"]
[TimeControl "40/5400+30:1800+30"]

1. c4 c5 2. Nf3 Nc6 3. d4 cxd4 4. Nxd4 e5 5. Nb5 d6 6. N1c3 a6 7. Na3 f5 8. Nd5 Nf6 9. Bg5 Be6 10. Bxf6 gxf6 11. Qd2 Rc8 12. Rc1 f4 13. g3 fxg3 14. hxg3 Bg7 15. Bg2 f5 16. Rd1 O-O 17. Nc3 e4 18. g4 Qb6 19. gxf5 Bxf5 20. Qd5+ Kh8 21. Bxe4 Qxf2+ 22. Kxf2 Bxe4+ 23. Ke3 Bxd5 24. Rxd5 Be5 25. Rdd1 Bf4+ 26. Kd3 Nb4+ 27. Kd4 Be5+ 28. Ke3 Bf4+ 29. Kd4 Be5+ 30. Ke3 Rce8 31. Kd2 Rf2 32. Rdf1 Rxf1 33. Rxf1 Kg7 34. Rg1+ Kf7 35. Rf1+ Ke6 36. Rh1 Rh8 37. Rh5 Kf7 38. Nc2 Nxc2 39. Kxc2 Kg6 40. Rh1 h5 41. Kd3 h4 42. Ke4 h3 43. Nd1 h2 44. Kf3 Kg5 45. Kg2 Rh4 46. b3 Rg4+ 47. Kf1 Kh4 48. Nf2 Rg8 49. Ne4 b5 50. cxb5 axb5 51. a4 b4 52. Nd2 Kh3 53. Nf3 Rf8 54. Kf2 Bg3+ 55. Kf1 d5 56. a5 d4 57. a6 d3 0-1

[Event "Frauenbundesliga 2024-25"]
[Site "Germany"]
[Date "2024.11.16"]
[Round "1.1"]
[White "Butenandt, Svenja"]
[Black "Antolak, Julia"]
[Result "1-0"]
[Annotator "RC"]
[ECO "D31"]
[WhiteElo "2122"]
[BlackElo "2312"]
[PlyCount "93"]
[EventDate "2024.11.06"]
[EventType "team-tourn"]
[EventCountry "GER"]
[SourceTitle "playchess.com"]
[Source "ChessBase"]
[SourceQuality "1"]
[TimeControl "40/5400+30:1800+30"]

1. d4 d5 2. c4 e6 3. Nc3 c6 4. e4 dxe4 5. Nxe4 Bb4+ 6. Bd2 Qxd4 7. Bxb4 Qxe4+ 8. Be2 Na6 9. Ba5 b6 10. Qd6 Bd7 11. Bc3 f6 12. Nf3 Nh6 13. O-O-O O-O-O 14. Rhe1 Nc5 15. Bf1 Qg6 16. Ne5 fxe5 17. Bxe5 Kb7 18. b4 Na6 19. c5 Nxb4 20. Bd3 Qg5+ 21. f4 Qxg2 22. cxb6 Nd5 23. Re2 Qxe2 24. Bxe2 Nf7 25. Qa3 a5 26. Bc7 Rde8 27. Rd4 g6 28. Ra4 Ra8 29. Rd4 Rhe8 30. Bf3 Bc8 31. Qc5 a4 32. a3 Bd7 33. Be4 g5 34. f5 Ra6 35. fxe6 Bxe6 36. Bxd5 cxd5 37. Bd8 Nxd8 38. Qc7+ Ka8 39. Kd2 Ra5 40. Rb4 Nb7 41. Qc6 Re7 42. Rxa4 Kb8 43. Rxa5 Nxa5 44. Qd6+ Kc8 45. Qxe7 Nc4+ 46. Kc3 Bd7 47. Qc5+ 1-0

[Event "Frauenbundesliga 2024-25"]
[Site "Germany"]
[Date "2024.11.16"]
[Round "1.2"]
[White "Bulmaga, Irina"]
[Black "Rogule, Laura"]
[Result "1-0"]
[Annotator "TA"]
[ECO "B28"]
[WhiteElo "2401"]
[BlackElo "2247"]
[PlyCount "69"]
[EventDate "2024.11.06"]
[EventType "team-tourn"]
[EventCountry "GER"]
[SourceTitle "playchess.com"]
[Source "ChessBase"]
[SourceQuality "1"]
[TimeControl "40/5400+30:1800+30"]

1. e4 c5 2. Nf3 a6 3. c3 d5 4. exd5 Qxd5 5. d4 Nf6 6. Be2 e6 7. O-O Nc6 8. Bf4 Be7 9. Ne5 Nxe5 10. Bxe5 cxd4 11. cxd4 O-O 12. Nc3 Qa5 13. Bf3 Ra7 14. a3 b5 15. d5 {[%emt 0:07:54] and d6 should not be overlooked} Rd7 16. Qb3 exd5 17. Nxd5 Nxd5 18. Bxd5 Bb7 $2 {[%emt 0:07:25] [#] Inhibits Bc6.} (18... Qb6 $11) 19. Be6 $1 $16 {[%emt 0:05:00] White is more active.} Rdd8 {[%emt 0:06:05] [#]} (19... Bf6 $16) 20. Qg3 $1 $40 {[%emt 0:00:51][%csl Ge5][%cal Rg3g7][%mdl 128] Black is in trouble.} g6 21. Bc7 Qd2 22. Bxd8 Bxd8 23. Rad1 Qxb2 $2 {[%emt 0:01:06] [#]} (23... Qg5 {might work better.}) 24. Bxf7+ $1 Kh8 {[%emt 0:03:06] [#]} (24... Rxf7 25. Rxd8+) 25. Rxd8 $1 Rxd8 26. Qc7 $1 Rf8 27. Qxb7 Qxa3 28. Bd5 Qc5 29. h4 Qd4 30. Qe7 Rf5 31. Be6 (31. Bf7 $142 Qc5 32. Qe8+ Kg7 33. Qg8+ Kf6 34. Be6 (34. Qxh7 Re5 $18)) 31... Rf6 32. Qe8+ Kg7 33. Qg8+ Kh6 34. g4 Rxe6 35. Qf8+ 1-0

[Event "Frauenbundesliga 2024-25"]
[Site "Germany"]
[Date "2024.11.16"]
[Round "1.2"]
[White "Schulze, Lara"]
[Black "Gueci, Tea"]
[Result "1/2-1/2"]
[Annotator "RC"]
[ECO "B26"]
[WhiteElo "2275"]
[BlackElo "2167"]
[PlyCount "54"]
[EventDate "2024.11.06"]
[EventType "team-tourn"]
[EventCountry "GER"]
[SourceTitle "playchess.com"]
[Source "ChessBase"]
[SourceQuality "1"]
[TimeControl "40/5400+30:1800+30"]

1. e4 c5 2. Nc3 Nc6 3. g3 g6 4. Bg2 Bg7 5. d3 d6 6. Be3 Rb8 7. Qd2 b5 8. Nge2 Nd4 9. O-O e6 10. Nc1 Ne7 11. Nd1 O-O 12. c3 Ndc6 13. Ne2 b4 14. f4 Qa5 15. h3 f5 16. Bf2 bxc3 17. bxc3 Nd4 18. Rc1 fxe4 19. Nxd4 cxd4 20. dxe4 e5 21. fxe5 dxe5 22. Be1 Nc6 23. Rxf8+ Bxf8 24. Nf2 Be6 25. Ng4 Qxa2 26. Qxa2 Bxa2 27. cxd4 Nxd4 1/2-1/2

[Event "Frauenbundesliga 2024-25"]
[Site "Germany"]
[Date "2024.11.16"]
[Round "1.3"]
[White "Berzina, Ilze"]
[Black "Atalik, Ekaterina"]
[Result "1/2-1/2"]
[Annotator "TA"]
[ECO "B11"]
[WhiteElo "2193"]
[BlackElo "2399"]
[PlyCount "131"]
[EventDate "2024.11.06"]
[EventType "team-tourn"]
[EventCountry "GER"]
[SourceTitle "playchess.com"]
[Source "ChessBase"]
[SourceQuality "1"]
[TimeControl "40/5400+30:1800+30"]

1. e4 c6 2. Nc3 d5 3. Nf3 Bg4 4. h3 Bxf3 5. Qxf3 e6 6. g3 d4 {[%emt 0:03:20] Recently 6...Nd7 got a lot of attention. B11: Caro-Kann: Two Knights Variation.} 7. Nb1 Ne7 8. d3 Ng6 9. Bg2 Nd7 10. Qe2 Bb4+ 11. Nd2 e5 $146 ({Predecessor:} 11... O-O 12. O-O f5 13. f4 Kh8 14. a3 Bc5 15. b4 Bb6 16. Kh2 Nf6 17. Nf3 Qc7 {0-1 Makropoulou,M (2272)-Makka,I (2257) GRE-ch (Women) 2002 (3)}) 12. O-O h5 13. f4 h4 14. f5 Ngf8 15. g4 g5 16. Nc4 b5 17. Nd2 f6 18. a3 Bd6 19. Bf3 Nb6 20. Qf2 Nfd7 21. Kg2 a5 22. Be2 Qe7 23. Nf3 Na4 24. Qe1 Ndb6 25. Ra2 Qf7 26. Ra1 Kd7 27. Bd1 Kc7 28. Rf2 Nc5 29. Bd2 a4 30. Be2 Kb7 31. Rf1 Na6 32. Rb1 Rhd8 33. Bd1 Be7 34. Ba5 Qf8 35. Rf2 Ka7 36. b3 axb3 37. cxb3 Nc5 (37... Bxa3 $5 38. b4 $8 Kb7 $16) 38. Qd2 (38. Bc2 $11) 38... Nb7 $17 39. b4 Rdb8 (39... Nxa5 $15 40. bxa5 Nd7) 40. Bxb6+ Kxb6 41. Qb2 (41. Qc1 $11) 41... Qe8 (41... Ra7 $15) 42. Bb3 $11 Ra6 43. Ne1 ({Better is} 43. Rc2 $11) 43... Rba8 (43... Kc7 $15 {should be considered.}) 44. Nc2 (44. a4 {keeps more tension.} bxa4 45. Bc4 Nd6 46. Bxa6 Rxa6 47. Nc2) 44... Kc7 45. Rff1 Qb8 46. Rfc1 Nd8 (46... R8a7 $15) 47. Ba2 (47. Ra1 $11) 47... Qa7 48. Ra1 Rxa3 49. Nxa3 Qxa3 50. Qc2 Qxb4 51. Rab1 Qc3 52. Qe2 $2 {[%emt 0:00:09] [#]} (52. Bb3 $15) 52... Qa5 $2 (52... Rxa2 $1 $19 53. Qxa2 Qxd3) 53. Bg8 Qb6 ({Black should try} 53... Bb4 $17 54. Rc2 Nb7) 54. Ra1 $15 Ra3 55. Rxa3 Bxa3 56. Ra1 Qc5 57. Qa2 b4 (57... Bb4 $1 $15 58. Qb1 Nb7) 58. Bc4 $11 Nb7 59. Qc2 (59. Rb1 $11) 59... Na5 $17 60. Rb1 Kd6 61. Kf3 Nb7 (61... Nxc4 $17 62. dxc4 Kc7) 62. Qa2 Kc7 63. Ke2 Na5 64. Rd1 Nxc4 65. dxc4 (65. Qxc4 $11 Qxc4 66. dxc4) 65... Qa5 $15 66. Qb3 1/2-1/2

[Event "Frauenbundesliga 2024-25"]
[Site "Germany"]
[Date "2024.11.16"]
[Round "1.3"]
[White "Khrapko, Marharyta"]
[Black "Lach, Aleksandra"]
[Result "0-1"]
[Annotator "RC"]
[ECO "C02"]
[WhiteElo "2156"]
[BlackElo "2210"]
[PlyCount "114"]
[EventDate "2024.11.06"]
[EventType "team-tourn"]
[EventCountry "GER"]
[SourceTitle "playchess.com"]
[Source "ChessBase"]
[SourceQuality "1"]
[TimeControl "40/5400+30:1800+30"]

1. e4 e6 2. d4 d5 3. e5 c5 4. Nf3 Nc6 5. Bd3 a6 6. O-O Nxd4 7. Nxd4 cxd4 8. Re1 f6 9. Nd2 fxe5 10. Rxe5 Nf6 11. Rg5 Qc7 12. Nf3 Bd6 13. Nxd4 Bxh2+ 14. Kh1 Bf4 15. Bxf4 Qxf4 16. Nf3 O-O 17. Kg1 h6 18. Rg6 Ng4 19. Be2 Ne5 20. Rg3 Bd7 21. Nxe5 Qxe5 22. c3 Rf4 23. Bf3 Be8 24. Qd2 Bf7 25. Re1 Qf6 26. Re2 Rd8 27. Bg4 e5 28. Rf3 Rxf3 29. Bxf3 e4 30. Bg4 Bg6 31. Qd4 Qxd4 32. cxd4 h5 33. Bh3 Be8 34. Be6+ Kf8 35. Re3 Ke7 36. Bh3 g5 37. f3 Bg6 38. Rc3 Kd6 39. Bc8 b6 40. Bxa6 Be8 41. fxe4 dxe4 42. Bb7 Ke6 43. Rb3 Rxd4 44. Rxb6+ Ke5 45. Kf2 h4 46. Bc8 Rd2+ 47. Ke3 Rd3+ 48. Kf2 Bh5 49. Re6+ Kd5 50. Re7 Rd2+ 51. Kf1 Kd4 52. g4 hxg3 53. Rd7+ Ke3 54. Rxd2 Kxd2 55. Ba6 Bf3 56. a4 e3 57. b4 Kc3 0-1

[Event "Frauenbundesliga 2024-25"]
[Site "Germany"]
[Date "2024.11.16"]
[Round "1.4"]
[White "Daulyte-Cornette, Deimante"]
[Black "Ter-Avetisjana, Agnesa Stepania"]
[Result "1-0"]
[Annotator "TA"]
[ECO "B12"]
[WhiteElo "2371"]
[BlackElo "2125"]
[PlyCount "55"]
[EventDate "2024.11.06"]
[EventType "team-tourn"]
[EventCountry "GER"]
[SourceTitle "playchess.com"]
[Source "ChessBase"]
[SourceQuality "1"]
[TimeControl "40/5400+30:1800+30"]

1. e4 c6 2. d4 d5 3. e5 Bf5 4. h4 h5 5. Bd3 Bxd3 6. Qxd3 e6 7. Bg5 Qa5+ 8. Nd2 Qa6 9. c4 dxc4 10. Nxc4 Bb4+ 11. Bd2 Be7 12. Ne2 Nh6 13. Ng3 {[%emt 0:02:33][%cal Oa1c1] White is more active.} b5 (13... Nd7 $14) 14. Na5 $36 {[%emt 0:08:03][%mdl 2048] White has strong initiative.} Nd7 15. b4 ({White should try} 15. O-O $18) 15... Rc8 (15... Rd8 $16) 16. Rc1 $18 g6 (16... Qb6 $142 17. Qe4 (17. Nxh5 Nf5 $11) 17... Nf5) 17. a4 Nb6 18. Rxc6 (18. Nxc6 Qxa4 19. O-O Nf5 $18) 18... Rxc6 19. axb5 (19. Nxc6 Qxa4 20. O-O Nd5 21. Nxe7 Nxe7) 19... Rc3 20. Bxc3 Qc8 21. Nc6 Nd5 22. Bd2 (22. Nxa7 Qxc3+ 23. Qxc3 Nxc3 $11) 22... Nf5 $2 (22... Kf8 {is tougher.} 23. O-O (23. Nxa7 Qa8 $18) 23... Bxh4 24. Bxh6+ (24. Nxa7 Qd7 $18) 24... Rxh6) 23. Nxf5 (23. Nxa7 Qa8 $18) 23... gxf5 24. O-O ({Less strong is} 24. Nxa7 Qa8 $18) 24... Qb7 25. Ra1 Nc7 26. Rxa7 Qb6 {[%emt 0:00:08] [#]} 27. d5 $1 {[%emt 0:06:24] Black must now prevent d6.} exd5 (27... Bxh4 28. Be3) 28. Qxf5 1-0

[Event "Frauenbundesliga 2024-25"]
[Site "Germany"]
[Date "2024.11.16"]
[Round "1.4"]
[White "Köhler, Inken"]
[Black "Exler, Veronika"]
[Result "1-0"]
[Annotator "RC"]
[ECO "A18"]
[WhiteElo "2043"]
[BlackElo "2169"]
[PlyCount "59"]
[EventDate "2024.11.06"]
[EventType "team-tourn"]
[EventCountry "GER"]
[SourceTitle "playchess.com"]
[Source "ChessBase"]
[SourceQuality "1"]
[TimeControl "40/5400+30:1800+30"]

1. c4 Nf6 2. Nc3 e6 3. e4 d5 4. e5 d4 5. exf6 dxc3 6. bxc3 Qxf6 7. Nf3 e5 8. Bd3 Bd6 9. O-O Nd7 10. Bc2 O-O 11. Re1 h6 12. d4 exd4 13. cxd4 Rd8 14. Be3 Nf8 15. d5 Bf5 16. Bd4 Bxc2 17. Qxc2 Qg6 18. Qb2 b6 19. Ne5 Bxe5 20. Bxe5 Rd7 21. Re3 Qh7 22. Rae1 Re8 23. h4 f6 24. Bg3 Rxe3 25. Rxe3 Kf7 26. Qe2 Qb1+ 27. Kh2 Qf5 28. Re8 h5 29. Rc8 Ng6 30. Qe8# 1-0

[Event "Frauenbundesliga 2024-25"]
[Site "Germany"]
[Date "2024.11.16"]
[Round "1.5"]
[White "Schloffer, Jasmin-Denise"]
[Black "Brandt, Carina"]
[Result "1/2-1/2"]
[Annotator "RC"]
[ECO "E73"]
[WhiteElo "2168"]
[BlackElo "2050"]
[PlyCount "81"]
[EventDate "2024.11.06"]
[EventType "team-tourn"]
[EventCountry "GER"]
[SourceTitle "playchess.com"]
[Source "ChessBase"]
[SourceQuality "1"]
[TimeControl "40/5400+30:1800+30"]

1. d4 Nf6 2. c4 g6 3. Nc3 Bg7 4. e4 d6 5. Be2 O-O 6. Be3 Na6 7. g4 c5 8. d5 Nc7 9. h4 Re8 10. g5 Nd7 11. h5 Nf8 12. Qc2 e6 13. hxg6 fxg6 14. O-O-O a6 15. Nf3 b5 16. e5 exd5 17. Nxd5 Nxd5 18. Rxd5 Qa5 19. Rxd6 Qxa2 20. Qb1 Qxb1+ 21. Kxb1 Bb7 22. Rhd1 Be4+ 23. Kc1 Ne6 24. Nd2 Bf5 25. f4 Bf8 26. Rb6 Reb8 27. Rxb8 Rxb8 28. Nb3 h6 29. Rd5 hxg5 30. fxg5 Be7 31. Nxc5 Nxc5 32. Bxc5 Bxg5+ 33. Kd1 bxc4 34. Bxc4 Be6 35. Rd4 Bxc4 36. Rxc4 Rxb2 37. Rg4 Rd2+ 38. Ke1 Rd5 39. Rxg5 Rxc5 40. Rxg6+ Kf7 41. Rxa6 1/2-1/2

[Event "Frauenbundesliga 2024-25"]
[Site "Germany"]
[Date "2024.11.16"]
[Round "1.5"]
[White "Endress, Anna"]
[Black "Milliet, Sophie"]
[Result "1/2-1/2"]
[Annotator "TA"]
[ECO "B26"]
[WhiteElo "2096"]
[BlackElo "2366"]
[PlyCount "111"]
[EventDate "2024.11.06"]
[EventType "team-tourn"]
[EventCountry "GER"]
[SourceTitle "playchess.com"]
[Source "ChessBase"]
[SourceQuality "1"]
[TimeControl "40/5400+30:1800+30"]

1. e4 c5 2. Nc3 Nc6 3. g3 g6 4. Bg2 Bg7 5. d3 Rb8 6. Be3 b5 7. Qd2 b4 8. Nd1 d6 9. Ne2 Nd4 10. O-O e6 11. Nc1 Ne7 12. c3 bxc3 13. bxc3 Ndc6 14. Bh6 O-O 15. Bxg7 Kxg7 16. Ne3 a5 17. d4 cxd4 18. cxd4 e5 (18... a4 $5) 19. d5 Nd4 {[%emt 0:00:51] [#]} 20. Nb3 $1 Rb4 (20... Ba6 21. Rfb1) 21. Nxd4 Rxd4 22. Qc3 Ba6 23. Rfc1 Ng8 24. Qc6 Bd3 25. Nc4 Ne7 26. Qa6 Qb8 (26... Kg8 $15) 27. Qxd6 $11 Rxc4 28. Qxe7 {[%emt 0:00:05] Strongly threatening Rxc4.} Qb2 29. Re1 Rc2 30. Qa7 Rfc8 {[%emt 0:00:56] aiming for ...R8c5.} 31. d6 $2 (31. Rab1 $11 {and White has nothing to worry.} Qc3 32. Bf1) 31... Rd8 $2 ({Better is} 31... R8c5 $19 {[%cal Oc2f2] ( -> ...Rxf2!)} 32. Rad1 Rxf2) 32. Rab1 $1 (32. Qxa5 $2 Rxf2 (32... Rxd6 $2 33. Rab1 $19) 33. Bh1 Qd4 $19 (33... Rxd6 $2 34. Qa7 $19)) 32... Qxa2 33. Ra1 Qe6 34. Rec1 Rxc1+ (34... Qxd6 35. Rxc2 Bxc2 36. Qxa5 $15) (34... Rxd6 {simplifies} 35. Rxc2 Bxc2 36. Qxa5 Rd4) 35. Rxc1 Rxd6 {[%emt 0:00:08] With the idea ...Ba6.} 36. Qxa5 Rd4 37. Re1 Qd6 38. h3 Bc4 39. Qc3 Be6 40. Kh2 Rd2 41. f4 Qd4 42. Re3 Bc4 43. Kh1 $2 (43. Kg1 $1 $15) 43... Rb2 $2 (43... Rd1+ $1 $19 44. Kh2 Bd3) 44. fxe5 $17 Rb1+ $1 45. Kh2 {[%emt 0:00:08] [#]} Qd1 46. e6+ (46. Qxc4 $2 Qg1#) 46... f6 47. g4 {[%emt 0:00:32] [#] Hoping for g5.} Qg1+ $1 ({Reject} 47... Bxe6 48. g5 Kg8 49. Rd3 (49. gxf6 h5 $11) 49... Qg1+ 50. Kg3 $11) (47... Rc1 48. Qa3 Bxe6 (48... Qg1+ 49. Kg3 $11) 49. e5 $11) 48. Kg3 {[%emt 0:00:03] Really sharp!} Bxe6 (48... Rb3 $17 49. Qxb3 Bxb3 50. Rxb3 Kf8 51. Rb8+ Ke7 52. Rb7+ Kxe6 53. Rxh7 Qb6) 49. Rf3 $11 {[%emt 0:01:16] The position is equal.} Qe1+ 50. Qxe1 Rxe1 {[%emt 0:00:01][%mdl 4096] Endgame. KRB-KRB} 51. Rc3 Rd1 52. Re3 Kf7 53. Bf3 Rb1 54. Rc3 Rb7 55. e5 Re7 56. exf6 {[%emt 0:00:00] Weighted Error Value: White=0.31/Black=0.32.  Loses game:     	White=2     	---        Missed win:     	---       	Black=2      Mistake:       	---       	Black=2      Inaccurate:     	White=5     	Black=1      OK:         	White=14    	Black=12     Best:        	White=5     	Black=2      Strong:       	White=1     	Black=2} 1/2-1/2

[Event "Frauenbundesliga 2024-25"]
[Site "Germany"]
[Date "2024.11.16"]
[Round "1.6"]
[White "Papp, Petra"]
[Black "Rath, Alina"]
[Result "1/2-1/2"]
[Annotator "RC"]
[ECO "D02"]
[WhiteElo "2239"]
[BlackElo "2025"]
[PlyCount "101"]
[EventDate "2024.11.06"]
[EventType "team-tourn"]
[EventCountry "GER"]
[SourceTitle "playchess.com"]
[Source "ChessBase"]
[SourceQuality "1"]
[TimeControl "40/5400+30:1800+30"]

1. d4 d5 2. Nf3 e6 3. Bf4 c5 4. c3 Bd6 5. e3 Qc7 6. Bxd6 Qxd6 7. Ne5 Nf6 8. Bd3 O-O 9. Nd2 Nbd7 10. f4 Rb8 11. a4 b6 12. O-O Bb7 13. Qf3 g6 14. g4 Ne8 15. Qg3 f5 16. g5 Nxe5 17. fxe5 Qc7 18. Nb1 c4 19. Be2 Bc6 20. h4 Ng7 21. Nd2 b5 22. axb5 Bxb5 23. Ra2 Rb7 24. Rfa1 Rfb8 25. Qe1 Bc6 26. Qc1 Ne8 27. Bf3 Ra8 28. Bg2 a5 29. Nf1 a4 30. Ng3 Rb6 31. Ne2 Qe7 32. Nf4 Kf7 33. Bf3 h6 34. Kf2 Ng7 35. Nh3 h5 36. Nf4 Qd7 37. Bd1 Rbb8 38. Kg3 Rb6 39. Bc2 Rba6 40. Qd1 Bb5 41. Ra3 R8a7 42. Ne2 Ne8 43. Kf2 Nc7 44. Nf4 Qe8 45. Qd2 Na8 46. Rg1 Qh8 47. Bd1 Be8 48. Bf3 Nc7 49. Rga1 Kg7 50. Bd1 Bd7 51. Kg3 1/2-1/2

[Event "Frauenbundesliga 2024-25"]
[Site "Germany"]
[Date "2024.11.16"]
[Round "1.6"]
[White "Rosmait, Emily"]
[Black "Stangl, Anita"]
[Result "1-0"]
[Annotator "NA RC"]
[ECO "C06"]
[WhiteElo "1954"]
[BlackElo "2048"]
[PlyCount "155"]
[EventDate "2024.11.06"]
[EventType "team-tourn"]
[EventCountry "GER"]
[SourceTitle "playchess.com"]
[Source "ChessBase"]
[SourceQuality "1"]
[TimeControl "40/5400+30:1800+30"]

1. e4 e6 2. d4 d5 3. Nd2 Nf6 4. e5 Nfd7 5. Bd3 c5 6. c3 Nc6 7. Ne2 Qb6 8. Nf3 cxd4 9. cxd4 f6 10. exf6 Nxf6 11. O-O Bd6 12. b3 O-O 13. Bb2 Bd7 14. Rc1 Rae8 15. Bb1 Re7 16. h3 Be8 17. Ne5 Bxe5 18. dxe5 Nd7 19. Ba3 Nb4 20. Qd4 a5 21. Bxh7+ Kh8 22. Qxb6 Nxb6 23. Bb1 Bb5 24. Rfe1 Ref7 25. f3 Rc8 26. Rxc8+ Nxc8 27. Nd4 Bd7 28. Bc1 Ne7 29. f4 Nbc6 30. Nf3 Rf8 31. Ng5 Ra8 32. Nf7+ Kg8 33. Nd6 b6 34. Bd2 g6 35. g4 Kg7 36. Kg2 Rf8 37. Kg3 Nc8 38. Nxc8 Rxc8 39. f5 gxf5 40. gxf5 exf5 41. e6 Be8 42. Bxf5 Nd4 43. Bd3 Kf6 44. e7 Ne6 45. b4 a4 46. h4 Kxe7 47. Bg5+ Kd6 48. Bf6 Bh5 49. Be5+ Ke7 50. Kh2 Rf8 51. Bg3 Bg4 52. Bb5 a3 53. Re5 Rf5 54. Re3 Rf3 55. Re1 Rc3 56. Be5 Rc2+ 57. Kg3 Bh5 58. Re3 Rxa2 59. Bc6 Rd2 60. Rxa3 Nd8 61. Bb5 Ke6 62. Bc7 Nf7 63. Re3+ Kf6 64. Bxb6 Nd6 65. Bd8+ Kf7 66. Bd3 d4 67. Re7+ Kf8 68. Bh7 Nf7 69. Rd7 Ne5 70. Rd5 Re2 71. Rxd4 Nc6 72. Rd3 Nxb4 73. Rb3 Nc6 74. Bg5 Nd4 75. Rd3 Ne6 76. Bh6+ Ke7 77. Bf5 Kf6 78. Bg4 1-0

[Event "Frauenbundesliga 2024-25"]
[Site "Germany"]
[Date "2024.11.16"]
[Round "1.7"]
[White "Paehtz, Elisabeth"]
[Black "Roebers, Eline"]
[Result "1/2-1/2"]
[Annotator "TA"]
[ECO "B30"]
[WhiteElo "2456"]
[BlackElo "2348"]
[PlyCount "55"]
[EventDate "2024.11.06"]
[EventType "team-tourn"]
[EventCountry "GER"]
[SourceTitle "playchess.com"]
[Source "ChessBase"]
[SourceQuality "1"]
[TimeControl "40/5400+30:1800+30"]

1. e4 c5 2. Nf3 Nc6 3. Bb5 e5 4. O-O Nge7 5. c3 g6 6. d4 cxd4 7. cxd4 exd4 8. Nxd4 Bg7 9. Ne2 d5 10. exd5 Qxd5 11. Qa4 a6 12. Nbc3 Qd8 13. Rd1 Bd7 14. Bxc6 Nxc6 15. Qb3 {[%emt 0:07:30] White is more active.} b5 (15... O-O $14) 16. Ne4 (16. Qd5 $16 {aiming for Bg5.} Ne7 17. Qe4) 16... Be6 $1 $11 {[%emt 0:02:36][%cal Bd7e6,Be6b3,Bb3c4][%mdl 32] A strong pair of Bishops.} 17. Rxd8+ Rxd8 {[%emt 0:00:05] [#]} 18. Bh6 $1 Bxb3 19. Bxg7 Bc4 20. Bxh8 Bxe2 21. f3 f5 22. Ng5 Ke7 {[%emt 0:06:01] Inhibits Bf6+.} 23. Re1 Rxh8 {[%emt 0:01:47] The position is equal.} 24. Rxe2+ Kd7 25. Rd2+ Ke7 26. Re2+ Kd7 27. Rd2+ Ke7 28. Re2+ {[%emt 0:01:33] Weighted Error Value: White=0.16 (very precise) /Black=0.12 (very precise) .  Mistake:       	White=1     	Black=1      Inaccurate:     	White=1     	Black=3      OK:         	White=9     	Black=7      Best:        	White=1     	Black=5      Strong:       	---       	Black=1      Brilliant:      	White=1     	---} 1/2-1/2

[Event "Frauenbundesliga 2024-25"]
[Site "Germany"]
[Date "2024.11.16"]
[Round "1.7"]
[White "Peglau, Charis"]
[Black "Klek, Hanna Marie"]
[Result "1-0"]
[Annotator "RC"]
[ECO "A07"]
[WhiteElo "2131"]
[BlackElo "2289"]
[PlyCount "103"]
[EventDate "2024.11.06"]
[EventType "team-tourn"]
[EventCountry "GER"]
[SourceTitle "playchess.com"]
[Source "ChessBase"]
[SourceQuality "1"]
[TimeControl "40/5400+30:1800+30"]

1. Nf3 d5 2. g3 Bg4 3. Bg2 c6 4. d3 Nf6 5. O-O e6 6. Nbd2 Nbd7 7. e4 dxe4 8. dxe4 Bc5 9. Qe2 e5 10. Nb3 Bb6 11. Be3 Qe7 12. a4 Qb4 13. h3 Bxf3 14. Bxf3 Bxe3 15. Qxe3 h5 16. h4 g6 17. Rfd1 b6 18. Ra3 O-O 19. c3 Qe7 20. Nc1 Nc5 21. b4 Ne6 22. Nd3 Nd7 23. Bg2 Rfd8 24. Ra2 Ndf8 25. a5 Qc7 26. Rda1 b5 27. Bh3 Qd6 28. Rd1 c5 29. Rad2 cxb4 30. Nxb4 Qc7 31. Nd5 Qxa5 32. Qh6 Rxd5 33. exd5 Nc5 34. Qe3 Ncd7 35. f4 exf4 36. Qxf4 Qxc3 37. Bxd7 Nxd7 38. Rf2 Rf8 39. Kg2 b4 40. Rc1 Qd3 41. Rd2 Qb5 42. g4 hxg4 43. Qxg4 a5 44. Rc7 Nc5 45. h5 Nd3 46. Qe4 Nc5 47. Qe3 Na6 48. Re7 gxh5 49. Qg5+ Kh7 50. Qxh5+ Kg7 51. Qg5+ Kh7 52. Re4 1-0

[Event "Frauenbundesliga 2024-25"]
[Site "Germany"]
[Date "2024.11.16"]
[Round "1.8"]
[White "Doluhanova, Evgeniya"]
[Black "Roessler, Ulrike"]
[Result "1-0"]
[Annotator "RC"]
[ECO "A49"]
[WhiteElo "2261"]
[BlackElo "2059"]
[PlyCount "125"]
[EventDate "2024.11.06"]
[EventType "team-tourn"]
[EventCountry "GER"]
[SourceTitle "playchess.com"]
[Source "ChessBase"]
[SourceQuality "1"]
[TimeControl "40/5400+30:1800+30"]

1. Nf3 Nf6 2. e3 g6 3. b3 Bg7 4. Bb2 O-O 5. g3 c5 6. Bg2 d6 7. O-O Nc6 8. d4 Bf5 9. Nbd2 Nb4 10. Ne1 cxd4 11. exd4 Bg4 12. Ndf3 Rc8 13. c3 Nc6 14. h3 Bf5 15. Nh4 Bd7 16. Nd3 Qb6 17. Re1 e5 18. d5 Ne7 19. c4 e4 20. Bxe4 Nxe4 21. Bxg7 Kxg7 22. Rxe4 Rce8 23. Qe2 Ng8 24. Qb2+ f6 25. Rae1 Kf7 26. Rxe8 Rxe8 27. Rxe8 Bxe8 28. Nf3 Bd7 29. g4 Ne7 30. Nf4 Qd8 31. Nd4 Qf8 32. Qe2 Qh6 33. Qe3 f5 34. f3 a6 35. Nde6 Bc8 36. g5 Qh4 37. Qf2 Qxf2+ 38. Kxf2 b6 39. Ke3 a5 40. h4 Bd7 41. Kd4 Nc8 42. Nc7 Kg7 43. h5 Kf7 44. h6 Na7 45. Nce6 Be8 46. a3 Ke7 47. Ne2 Bf7 48. N6f4 Be8 49. Nc3 Nc8 50. b4 axb4 51. axb4 Na7 52. c5 bxc5+ 53. bxc5 dxc5+ 54. Kxc5 Nc8 55. d6+ Nxd6 56. Ncd5+ Kd7 57. Nf6+ Ke7 58. Nxe8 Nxe8 59. Nxg6+ Kf7 60. Nf4 Nf6 61. gxf6 Kxf6 62. Kd6 Kg5 63. Ke5 1-0

[Event "Frauenbundesliga 2024-25"]
[Site "Germany"]
[Date "2024.11.16"]
[Round "1.8"]
[White "Lubbe, Melanie"]
[Black "Wagner, Dinara"]
[Result "1/2-1/2"]
[Annotator "TA"]
[ECO "C54"]
[WhiteElo "2233"]
[BlackElo "2437"]
[PlyCount "28"]
[EventDate "2024.11.06"]
[EventType "team-tourn"]
[EventCountry "GER"]
[SourceTitle "playchess.com"]
[Source "ChessBase"]
[SourceQuality "1"]
[TimeControl "40/5400+30:1800+30"]

1. e4 e5 2. Bc4 Nf6 3. d3 Bc5 4. Nf3 Nc6 5. O-O d6 6. c3 a6 7. a4 Ba7 8. b4 O-O 9. h3 Re8 10. Re1 Be6 11. Bxe6 Rxe6 12. Ra2 d5 13. b5 Nb8 14. exd5 Qxd5 {[%emt 0:00:30] A rather calm draw.   Weighted Error Value: White=0.11 (very precise) /Black=0.09 (flawless) .  OK:         	White=2     	Black=2} 1/2-1/2